AoeStats
← 上帝之鞭

Fortress

508880592Analyzed
4v4 RM · 7d ago on Sep 24, 2026· 61m 53s· 8 players
Game mode
Random Map
Map size
Huge
Population
200
Speed
Normal
Resources
Standard
Victory
Conquest
Starting age
Dark Age
Ending age
Imperial Age
RankedLock teamsTeams togetherTeam positionsShared explorationLock speedFull tech treeHidden civsTurbo modeCheats
Victory
Defeat
🇨🇳 Romans · China
795
+7
🇨🇳 Saxons · China
760
+8
🇹🇭 Vietnamese · Thailand
752
+9
🇹🇼 Varangians · Taiwan
624
+14
🇪🇸 Japanese · Spain
669
-12
🇪🇸 Saxons · Spain
587
-10
🇮🇳 Persians · India
583
-10
🇪🇸 Turks · Spain
470
-6
KickAss
8:39 Feudal Age
9:32 Double-Bit Axe
15:17 Castle Age
16:42 Pikeman
17:25 Squires
21:30 Imperial Age
26:37 Elite War Elephant
26:41 Halberdier
27:06 Arson
29:10 Gold Mining
29:13 Stone Mining
31:33 Wheelbarrow
32:22 Horse Collar
35:54 Cavalier
36:38 Cavalier
39:55 Forging
39:45 Scale Mail Armor
39:51 Scale Barding Armor
41:25 Savar
47:00 Chain Barding Armor
46:56 Chain Mail Armor
Archaon el Elegido
6:57 Feudal Age
6:05 Loom
7:25 Town Watch
8:16 Wheelbarrow
7:25 Horse Collar
7:36 Gold Mining
8:23 Double-Bit Axe
10:38 Stone Mining
16:54 Castle Age
14:48 Man-at-Arms
15:57 Forging
15:48 Scale Mail Armor
15:58 Arson
21:04 Iron Casting
22:01 Chain Mail Armor
33:04 Imperial Age
32:35 Heavy Plow
33:19 Gold Shaft Mining
34:46 Squires
34:36 Gambesons
37:02 Plate Mail Armor
37:15 Hand Cart
37:17 Bow Saw
39:15 Fortified Wall
39:01 Murder Holes
39:44 Conscription
41:46 Masonry
M3tr0d0r1us
4:08 Loom
6:51 Feudal Age
8:04 Double-Bit Axe
9:16 Man-at-Arms
11:18 Forging
11:08 Scale Mail Armor
13:44 Wheelbarrow
18:21 Castle Age
20:05 Bow Saw
19:52 Gambesons
23:14 Iron Casting
22:55 Chain Mail Armor
22:53 Squires
22:41 Arson
25:12 Hand Cart
29:06 Scale Barding Armor
29:01 Padded Archer Armor
28:54 Fletching
29:50 Town Watch
30:17 Horse Collar
31:10 Leather Archer Armor
31:31 Devotion
34:39 Imperial Age
34:10 Thumb Ring
35:44 Bloodlines
35:35 Husbandry
36:49 Two-Man Saw
35:16 Capped Ram
36:40 Conscription
37:10 Heavy Plow
38:32 Elite Hearth Troop
38:55 Shield Wall
43:55 Plate Mail Armor
43:46 Chain Barding Armor
43:22 Bodkin Arrow
44:26 Elite Skirmisher
44:51 Cranequins
46:00 Siege Ram
48:28 Cavalier
49:39 Heavy Scorpion
50:36 Heated Shot
51:07 Ballistics
51:47 Chemistry
54:01 Bracer
54:32 Ring Archer Armor
Wilson Winston
6:49 Feudal Age
7:35 Horse Collar
7:51 Double-Bit Axe
11:32 Wheelbarrow
16:28 Castle Age
15:32 Padded Archer Armor
15:23 Fletching
15:39 Gold Mining
17:01 Wheelbarrow
17:32 Heavy Plow
17:49 Bow Saw
18:18 Gold Shaft Mining
20:10 Thumb Ring
20:56 Treadmill Crane
24:31 Hand Cart
26:41 Ballistics
27:43 Stone Mining
32:22 Imperial Age
29:52 Murder Holes
35:07 Caravan
39:48 Forging
39:36 Bodkin Arrow
39:56 Leather Archer Armor
39:05 Elite Janissary
40:54 Bombard Tower
40:45 Masonry
42:07 Two-Man Saw
iiiqq-qwzaa---q
6:05 Feudal Age
6:34 Double-Bit Axe
7:49 Wheelbarrow
7:50 Horse Collar
15:38 Castle Age
14:39 Stone Mining
17:09 Bow Saw
17:53 Stone Shaft Mining
17:23 Heavy Plow
23:43 Hand Cart
25:05 Forging
25:53 Scale Barding Armor
26:39 Vendel Legacy
29:35 Iron Casting
29:20 Chain Barding Armor
29:07 Gold Mining
30:43 Stone Shaft Mining
33:31 Imperial Age
33:49 Caravan
35:18 Plate Barding Armor
35:44 Blast Furnace
36:43 Two-Man Saw
36:18 Crop Rotation
37:31 Chemistry
36:51 Ballistics
36:25 Fletching
36:35 Padded Archer Armor
36:17 Elite Jarl
37:23 Heavy Mounted Crossbowman
37:24 Cranequins
37:37 Gothikon
39:12 Bodkin Arrow
39:32 Leather Archer Armor
41:57 Bracer
42:27 Ring Archer Armor
41:58 Scale Mail Armor
43:29 Elite Varangian Guard
43:56 Arson
44:12 Squires
44:02 Gambesons
56:01 Chain Mail Armor
56:56 Spies/Treason
Misaka Mikoto
7:06 Feudal Age
7:28 Horse Collar
7:34 Double-Bit Axe
14:16 Castle Age
12:32 Stone Mining
13:26 Scale Mail Armor
13:20 Arson
14:40 Forging
14:23 Gold Mining
15:33 Bow Saw
16:06 Squires
16:45 Heavy Plow
17:03 Loom
17:21 Town Watch
19:37 Wheelbarrow
20:16 Gold Shaft Mining
25:33 Imperial Age
23:18 Clerical Recruitment
25:04 Chain Mail Armor
25:06 Herbal Medicine
26:25 Iron Casting
26:37 Fletching
27:41 Conscription
30:01 Plate Mail Armor
28:55 Shield Wall
30:53 Elite Varangian Guard
32:17 Hand Cart
33:23 Fortified Wall
32:55 Treadmill Crane
41:09 Elite Hearth Troop
42:52 Block Printing
43:03 Illumination
48:57 Elite Hearth Troop
59:04 Gambesons
61:09 Town Patrol
61:12 Padded Archer Armor
60:54 Spies/Treason
Shirai Kuroko
7:47 Feudal Age
9:25 Double-Bit Axe
9:22 Horse Collar
15:42 Castle Age
22:37 Squires
25:29 Town Watch
25:32 Loom
39:55 Wheelbarrow
39:35 Bow Saw
40:08 Loom
42:35 Fortified Wall
42:38 Masonry
42:12 Treadmill Crane
42:54 Ballistics
43:21 Murder Holes
43:25 Guard Tower
47:14 Murder Holes
50:41 Imperial Age
52:47 Paper Money
54:05 Heavy Plow
56:01 Arson
56:19 Squires
56:28 Squires
57:03 Elite Rattan Archer
60:04 Two-Man Saw
59:36 Crop Rotation
59:01 Stone Mining
59:01 Gold Mining
62:04 Hoardings
61:20 Arrowslits
62:43 Chemistry
上帝之鞭
3:47 Loom
9:16 Feudal Age
15:34 Castle Age
14:57 Man-at-Arms
17:13 Squires
19:04 Double-Bit Axe
20:39 Long Swordsman
23:59 Horse Collar
24:22 Gold Mining
26:31 Wheelbarrow
31:22 Imperial Age
29:10 Heavy Plow
30:17 Gold Shaft Mining
31:54 Forging
31:45 Scale Mail Armor
31:51 Scale Barding Armor
31:50 Husbandry
32:01 Bloodlines
31:16 Pikeman
32:38 Hand Cart
32:59 Bow Saw
32:33 Legionary
33:02 Halberdier
34:39 Caravan
36:42 Stone Mining
37:34 Crop Rotation
38:03 Conscription
39:37 Iron Casting
39:18 Chain Mail Armor
39:24 Chain Barding Armor
40:37 Comitatenses
44:58 Capped Ram
46:38 Plate Barding Armor
47:07 Blast Furnace
47:19 Siege Ram
59:36 Elite Centurion
Connection lost

Rejoining the realm…

Still unreachable

The connection could not be restored.

Session expired

The server has moved on; the page needs a fresh start.